 Dungeon Crawl Stone Soup version 0.22-a0-348-gd16d139 (webtiles) character file.

117021 galech the Brawler (level 16, -2/170 HPs)
             Began as a Troll Monk on Apr 9, 2018.
             Was the Champion of Okawaru.
             Slain by a halberd of venom (9 damage)
             ... on level 1 of the Elven Halls on Apr 10, 2018.
             The game lasted 01:11:06 (27534 turns).

galech the Brawler (Troll Monk)                    Turns: 27534, Time: 01:11:07

Health: -2/170     AC: 19    Str: 30    XL:     16   Next: 22%
Magic:  13/15      EV: 17    Int:  6    God:    Okawaru [******]
Gold:   2577       SH: 17    Dex: 12    Spells: 15/15 levels left

rFire    + + +     SeeInvis +     - Unarmed
rCold    . . .     Gourm    +   Z - +2 shield of Resistance {rF+ rC+ MR+}
rNeg     . . .     Faith    .   w - +1 fire dragon scales "Ysuts" {rElec rF++ rC- rCorr Str+2 Stlth-}
rPois    .         Spirit   .   g - +2 hat
rElec    +         Reflect  +   Q - +0 cloak
rCorr    +         Harm     .   (gloves unavailable)
MR       ++...                  (boots unavailable)
Stlth    +.........             K - +2 amulet of reflection
HPRegen  0.78/turn              N - +3 ring of slaying
MPRegen  0.14/turn              V - ring of see invisible

@: lethally poisoned (-2 -> -3), heroism
A: large, unfitting armour, claws 3, talons 1, fast metabolism 3, gourmand,
regeneration 1, shaggy fur 1, tough skin 2
a: Heroism, Finesse, Renounce Religion


You were on level 1 of the Elven Halls.
You worshipped Okawaru.
Okawaru was exalted by your worship.
You were completely stuffed.

You visited 5 branches of the dungeon, and saw 25 of its levels.
You also visited: Labyrinth, Sewer, Bailey and Ice Cave.

You collected 3447 gold pieces.
You spent 870 gold pieces at shops.

Inventory:

Armour
 g - a +2 hat (worn)
 w - the +1 fire dragon scales "Ysuts" (worn) {rElec rF++ rC- rCorr Str+2 Stlth-}
   (You found it in a labyrinth)

   It affects your strength (+2).
   It greatly protects you from fire.
   It makes you vulnerable to cold.
   It insulates you from electricity.
   It protects you from acid and corrosion.
   It makes you less stealthy.
 y - the +2 robe of Uxaiguca {rN+}
   (You found it on level 6 of the Dungeon)

   It protects you from negative energy.
 Q - a +0 cloak (worn)
 R - a +0 robe of cold resistance
 Z - the +2 shield of Resistance (worn) {rF+ rC+ MR+}
   (You bought it in a shop on level 2 of the Orcish Mines)

   It protects you from fire.
   It protects you from cold.
   It affects your resistance to hostile enchantments.
Jewellery
 m - an uncursed ring of protection from cold
 v - an uncursed ring of ice
 A - an uncursed ring of flight
 B - an uncursed amulet of magic regeneration {unknown}
 D - an uncursed ring of poison resistance
 I - an uncursed ring of positive energy
 K - a +2 amulet of reflection (around neck)
 N - a +3 ring of slaying (left claw)
 T - an uncursed ring of protection from fire
 V - a ring of see invisible (right claw)
 X - an uncursed ring of positive energy
Wands
 o - a wand of paralysis (13)
 x - a wand of digging (23)
Scrolls
 c - 8 scrolls of enchant weapon
 e - a scroll of noise {unknown}
 f - 14 scrolls of teleportation
 i - 3 scrolls of amnesia
 l - 14 scrolls of remove curse
 n - 2 scrolls of blinking
 t - 2 scrolls of fear
 z - 2 scrolls of magic mapping
 E - 2 scrolls of fog
 H - a scroll of identify
 J - 3 scrolls of enchant armour
 S - 2 scrolls of summoning {unknown}
 W - a scroll of brand weapon {unknown}
Potions
 a - 4 potions of mutation
 d - 5 potions of magic
 h - 4 potions of might
 j - 4 potions of resistance
 k - 12 potions of curing
 p - 3 potions of berserk rage
 q - 4 potions of haste
 s - 10 potions of heal wounds
 u - 2 potions of invisibility
 C - 4 potions of flight
 F - 2 potions of brilliance
 G - 3 potions of cancellation
 L - 3 potions of lignification
 M - 2 potions of ambrosia
 O - a potion of degeneration {unknown}
Comestibles
 b - 39 rations
 r - 10 chunks of flesh


   Skills:
 + Level 13.2(18.2) Fighting
 + Level 6.1(11.1) Armour
 + Level 13.2(18.2) Dodging
 - Level 1.3(6.3) Stealth
 + Level 8.3(13.3) Shields
 + Level 15.4(20.4) Unarmed Combat


You had 15 spell levels left.
You didn't know any spells.

Dungeon Overview and Level Annotations

Branches:
Dungeon (15/15)            Temple (1/1) D:5            Lair (6/6) D:10
 Shoals (0/4) Lair:2       Spider (0/4) Lair:2        Slime (0/5) Lair:6
    Orc (2/2) D:11            Elf (1/3) Orc:2        Vaults (0/5) D:14
 Depths (0/5) D:15

Altars:
Ashenzari
Dithmenos
Hepliaklqana
Makhleb
Okawaru
Uskayaw
The Shining One
Beogh

Shops:
D:5 [   Orc:2 (:[*   Elf:1 *

Annotations:
Lair:3 exclusion: 4 oklob plants
Elf:1 RoseArtemis's ghost, adept MiFi


Innate Abilities, Weirdness & Mutations

You are too large for most types of armour.
You have claws for hands.
Your metabolism is lightning-fast.
You like to eat raw meat.
Your natural rate of healing is unusually fast.
You are covered in fur. (AC +1)
You have very tough skin. (AC +2)
You have sharp toenails.


Message History

You feel very sick.
You gain the combat prowess of a mighty hero.
You feel very sick.
The deep elf knight gestures at you while chanting.
The stone arrow hits you!
* * * LOW HITPOINT WARNING * * *
You barely miss the deep elf knight. You claw the deep elf knight.
The deep elf knight is moderately wounded.
* * * LOW HITPOINT WARNING * * *
You feel sick.
You eviscerate the deep elf knight!!!
You kill the deep elf knight!
Okawaru accepts your kill.
* * * LOW HITPOINT WARNING * * *
You feel very sick.
You feel better. The halberd of venom hits you!
* * * LOW HITPOINT WARNING * * *
You are poisoned.
The halberd of venom hits you!
You die...

#.#####.##.#
#.##.##.##.#
....#.#.##.#######
#..###...........#
#.#.#.#.########.#
#.......# #.#
######### #.#
#.#### #@...##
########(#..#
#.....))Y...#
#.####e####.#
#...(Y..# #
#....E..#
#W......#
.....8.....
..#.......#..


You could see an ice beast and a halberd of venom.

Vanquished Creatures
  Kirke (D:12)
  A fire giant (D:15)
  2 deep elf elementalists (Elf:1)
  An orc warlord (Orc:2)
  A minotaur (Lab)
  A deep elf death mage (Elf:1)
  4 ice dragons
  Erolcha (D:10)
  4 hydras
  Erica (D:10)
  A death knight (D:13)
  4 centaur warriors
  6 dancing weapons
  2 two-headed ogres
  4 orc high priests
  2 tengu warriors
  Nergalle (Lair:1)
  3 deep elf knights (Elf:1)
  Sonja (D:15)
  An unseen horror (D:12)
  5 orc knights
  A wizard (D:9)
  A deep elf archer (Elf:1)
  A wolf spider zombie (D:13)
  2 lindwurms (Lair:6)
  4 orc sorcerers (Orc:2)
  The ghost of GameOver the Conjurer, a novice NaWz (D:5)
  6 deep elf magi (Elf:1)
  A wolf spider (Lair:6)
  3 manticores
  21 ugly things
  3 cyclopes
  Joseph (D:7)
  2 centaur zombies
  10 elephants
  A guardian serpent (Lair:6)
  3 ice statues
  5 torpor snails (Lair:6)
  7 black mambas
  2 gargoyles
  14 spiny frogs
  A yaktaur (shapeshifter) (Elf:1)
  9 komodo dragons
  3 rime drakes
  A freezing wraith (D:13)
  A queen bee (Lair:3)
  2 ice devils (D:11)
  10 trolls
  9 hornets
  2 polar bears
  38 blink frogs
  2 slime creatures (D:13)
  3 tyrant leeches (Lair:6)
  19 hippogriffs
  6 dream sheep (Lair:6)
  A meliai zombie (D:13)
  An air elemental (Elf:1)
  3 redbacks (Lair:6)
  Sigmund (D:3)
  A water elemental (D:14)
  13 wyverns
  5 basilisks
  3 wraiths (D:13)
  54 yaks
  4 hogs (D:7)
  2 fire elementals (Elf:1)
  A steam dragon (Lair:5)
  Grum (D:8)
  A human (D:7)
  2 hungry ghosts
  2 vampire mosquitoes (D:14)
  2 wargs (Orc:1)
  A soldier ant (D:14)
  2 acid dragons
  6 porcupines
  21 water moccasins
  22 ice beasts
  2 black bears
  28 orc warriors
  2 phantoms
  7 sky beasts
  An eye of draining (shapeshifter) (D:15)
  A necrophage (D:13)
  2 eyes of draining
  5 wolves
  4 boggarts (D:14)
  7 ogres
  7 crocodiles
  21 centaurs
  4 big kobolds
  19 bullfrogs
  An earth elemental (Elf:1)
  A wyvern zombie (D:13)
  3 wyvern skeletons
  8 scorpions
  A water moccasin skeleton (D:6)
  41 killer bees
  8 howler monkeys
  3 electric eels
  7 crimson imps
  2 bullfrog zombies (D:13)
  10 hounds
  2 quasits
  24 orc priests
  6 jellies
  A gnoll shaman (D:7)
  22 orc wizards
  2 bullfrog skeletons
  3 centaur skeletons
  10 hell rats
  8 worker ants
  An iguana (D:12)
  2 hound zombies
  Robin (D:3)
  3 gnolls (D:7)
  13 river rats
  14 adders
  5 shadow imps
  A white imp (D:12)
  4 oozes
  An adder zombie (D:9)
  2 worms
  2 dart slugs
  9 leopard geckos
  79 orcs
  3 ball pythons
  14 giant cockroaches
  8 hobgoblins
  15 jackals
  7 quokkas
  8 bats
  18 frilled lizards
  20 goblins
  41 kobolds
  32 rats
  A plant (Lair:6)
968 creatures vanquished.

Vanquished Creatures (others)
  3 hogs (D:12)
  A human (D:12)
  An orc (Elf:1)
  17 fungi (Lair:6)
  27 plants
49 creatures vanquished.

Grand Total: 1017 creatures vanquished

Notes
Turn   | Place    | Note
-------+----------+-------------------------------------------
     0 | D:1      | galech the Troll Monk began the quest for the Orb.
     0 | D:1      | Reached XP level 1. HP: 22/22 MP: 0/0
   222 | D:1      | Reached XP level 2. HP: 29/29 MP: 1/1
   706 | D:2      | Reached XP level 3. HP: 36/36 MP: 2/2
  1087 | D:2      | Reached XP level 4. HP: 44/44 MP: 3/3
  1615 | D:3      | Noticed Robin
  1630 | D:3      | Killed Robin
  1634 | D:3      | Reached skill level 4 in Unarmed Combat
  1657 | D:3      | Found a hide-covered altar of Uskayaw.
  1851 | D:3      | Reached XP level 5. HP: 37/53 MP: 4/4
  1897 | D:3      | Found a glowing golden altar of the Shining One.
  2068 | D:3      | Noticed Sigmund
  2079 | D:3      | Killed Sigmund
  2079 | D:3      | Reached XP level 6. HP: 46/62 MP: 5/5
  2392 | D:4      | Reached skill level 5 in Unarmed Combat
  2996 | D:5      | Entered Level 5 of the Dungeon
  3036 | D:5      | Noticed GameOver's ghost (novice NaWz)
  3056 | D:5      | Reached XP level 7. HP: 70/70 MP: 6/6
  3282 | D:5      | Killed GameOver's ghost
  3282 | D:5      | Reached skill level 5 in Dodging
  3282 | D:5      | Reached skill level 6 in Unarmed Combat
  3282 | D:5      | Reached XP level 8. HP: 9/79 MP: 7/7
  3416 | D:5      | Found a staircase to the Ecumenical Temple.
  3420 | D:5      | Reached skill level 5 in Fighting
  3427 | Temple   | Entered the Ecumenical Temple
  3434 | Temple   | Became a worshipper of Warmaster Okawaru
  3434 | Temple   | Reached * piety under Okawaru
  3434 | Temple   | Reached ** piety under Okawaru
  3551 | D:5      | Found Bojaes's Armour Boutique.
  3975 | D:6      | Found a glowing drain.
  4018 | Sewer    | Entered a sewer
  4832 | D:6      | Reached skill level 7 in Unarmed Combat
  5224 | D:6      | Got a faintly glowing robe
  5235 | D:6      | Identified the +2 robe of Uxaiguca {rN+} (You found it on level 6 of the Dungeon)
  5556 | D:7      | Reached *** piety under Okawaru
  5754 | D:7      | Reached XP level 9. HP: 57/89 MP: 8/8
  6091 | D:7      | Reached skill level 8 in Unarmed Combat
  6273 | D:7      | Found a shattered altar of Ashenzari.
  6283 | D:7      | Noticed Joseph
  6306 | D:7      | Killed Joseph
  6306 | D:7      | Reached **** piety under Okawaru
  6480 | D:7      | Reached XP level 10. HP: 29/102 MP: 9/9
  6841 | D:8      | Reached skill level 9 in Unarmed Combat
  6860 | D:8      | Found a flagged portal.
  6902 | Bailey   | Entered a bailey
  6929 | Bailey   | Noticed an orc knight
  7100 | Bailey   | Killed an orc knight
  7100 | Bailey   | Reached ***** piety under Okawaru
  7209 | Bailey   | Noticed an orc knight
  7213 | Bailey   | Killed an orc knight
  7219 | Bailey   | Got a steaming falchion {slice}
  7294 | Bailey   | Identified the +6 falchion "Killer Bee's Bane" {slice, rC+} (You took it off a kobold in a bailey)
  7425 | D:8      | Noticed Grum
  7430 | D:8      | Killed Grum
  7554 | D:8      | Noticed a two-headed ogre
  7609 | D:8      | Killed a two-headed ogre
  7922 | D:8      | Reached skill level 10 in Unarmed Combat
  7950 | D:8      | Received a gift from Okawaru
  8425 | D:9      | Reached XP level 11. HP: 94/113 MP: 10/10
  8988 | D:9      | Noticed a wizard
  9001 | D:9      | Killed a wizard
  9001 | D:9      | Received a gift from Okawaru
  9066 | D:10     | Entered Level 10 of the Dungeon
  9410 | D:10     | Found a staircase to the Lair.
  9585 | D:10     | Received a gift from Okawaru
  9587 | D:10     | Reached skill level 11 in Unarmed Combat
  9754 | D:10     | Noticed Erica
  9765 | D:10     | Killed Erica
 10100 | D:10     | Received a gift from Okawaru
 10200 | D:10     | Noticed Erolcha
 10206 | D:10     | Killed Erolcha
 10671 | D:11     | Noticed a white ugly thing
 10678 | D:11     | Killed a white ugly thing
 10704 | D:11     | Found a frozen archway.
 10717 | D:11     | Reached XP level 12. HP: 79/126 MP: 11/11
 10785 | IceCv    | Entered an ice cave
 10795 | IceCv    | Reached skill level 10 in Dodging
 10810 | IceCv    | Reached skill level 10 in Fighting
 10819 | IceCv    | Reached ****** piety under Okawaru
 10820 | IceCv    | Received a gift from Okawaru
 11021 | IceCv    | Noticed an ice dragon
 11022 | IceCv    | Noticed an ice dragon
 11033 | IceCv    | Killed an ice dragon
 11033 | IceCv    | Reached skill level 12 in Unarmed Combat
 11036 | IceCv    | Killed an ice dragon
 11624 | D:11     | Found a staircase to the Orcish Mines.
 11790 | Orc:1    | Entered Level 1 of the Orcish Mines
 12206 | Orc:2    | Entered Level 2 of the Orcish Mines
 12562 | Orc:2    | Found a staircase to the Elven Halls.
 12609 | Orc:2    | Noticed an orc high priest
 12893 | Orc:2    | Killed an orc high priest
 12953 | Orc:2    | Received a gift from Okawaru
 12997 | Orc:2    | Noticed an orc high priest
 13017 | Orc:2    | Killed an orc high priest
 13222 | Orc:2    | Noticed an orc high priest
 13244 | Orc:2    | Killed an orc high priest
 13244 | Orc:2    | Reached skill level 1 in Shields
 13312 | Orc:2    | Gained mutation: You have sharp toenails. [a neqoxec]
 13315 | Orc:2    | Reached XP level 13. HP: 45/137 MP: 12/12
 13332 | Orc:2    | Noticed an orc warlord
 13575 | Orc:2    | Killed an orc warlord
 13709 | Orc:2    | Reached skill level 13 in Unarmed Combat
 13802 | Orc:2    | Found Qoneo's Antique Armour Emporium.
 13803 | Orc:2    | Found Nano's Antique Weapon Shoppe.
 13804 | Orc:2    | Found Jinoa's General Store.
 13804 | Orc:2    | Found Uwolaci's Book Emporium.
 13808 | Orc:2    | Bought a scroll of identify for 36 gold pieces
 13808 | Orc:2    | Bought a scroll of teleportation for 54 gold pieces
 13820 | Orc:2    | Bought the +2 shield of Resistance {rF+ rC+ MR+} for 780 gold pieces
 13820 | Orc:2    | Found the +2 shield of Resistance {rF+ rC+ MR+}
 14627 | Orc:1    | Found a roughly hewn altar of Beogh.
 14704 | D:12     | Noticed Kirke
 14714 | D:12     | Killed Kirke
 15150 | D:12     | Found the +8 autumn katana {slice, Clar}
 15651 | D:13     | Received a gift from Okawaru
 16747 | Lair:1   | Entered Level 1 of the Lair of Beasts
 16839 | Lair:1   | Reached XP level 14. HP: 117/148 MP: 13/13
 16925 | Lair:1   | Noticed Nergalle
 16941 | Lair:1   | Killed Nergalle
 16941 | Lair:1   | Received a gift from Okawaru
 17123 | Lair:1   | Found a labyrinth entrance.
 17133 | Lab      | Entered a labyrinth
 19175 | Lab      | Identified the Collected Works on Air and Venom
 19181 | Lab      | Got distressingly furry fire dragon scales
 19195 | Lab      | Identified the +1 fire dragon scales "Ysuts" {rElec rF++ rC- rCorr Str+2 Stlth-} (You found it in a labyrinth)
 19383 | Lair:1   | Reached skill level 5 in Shields
 20142 | Lair:2   | Reached skill level 14 in Unarmed Combat
 20492 | Lair:2   | You fall through a shaft for 2 floors!
 20506 | Lair:3   | Reached skill level 1 in Armour
 21344 | Lair:3   | Received a gift from Okawaru
 21351 | Lair:3   | Got a bone broad axe {god gift}
 21352 | Lair:3   | Identified the +7 broad axe "Ezoluz" {vamp, *Slow +Fly rPois Str+8} (Okawaru gifted it to you on level 3 of the Lair of Beasts)
 21907 | Lair:2   | Found a hole to the Spider Nest.
 21951 | Lair:2   | Found a staircase to the Shoals.
 22264 | Lair:4   | Got a creamy pearl robe
 22277 | Lair:4   | Identified the cursed +0 robe of Patterns {Int+3} (You found it on level 4 of the Lair of Beasts)
 23680 | Lair:6   | Entered Level 6 of the Lair of Beasts
 23682 | Lair:6   | Found a staircase to the Slime Pits.
 23832 | Lair:6   | Reached XP level 15. HP: 155/158 MP: 14/14
 23855 | Lair:6   | Received a gift from Okawaru
 24395 | Lair:6   | Received a gift from Okawaru
 24909 | Lair:6   | Found a runed door.
 25465 | D:14     | Found a gate to the Vaults.
 25666 | D:14     | Reached skill level 15 in Unarmed Combat
 25712 | D:14     | Received a gift from Okawaru
 25712 | D:14     | Reached skill level 5 in Armour
 26184 | D:15     | Entered Level 15 of the Dungeon
 26206 | D:15     | Noticed Sonja
 26212 | D:15     | Killed Sonja
 26248 | D:15     | Found a staircase to the Depths.
 26248 | D:15     | Noticed a fire giant
 26282 | D:15     | Killed a fire giant
 26483 | D:15     | Received a gift from Okawaru
 27105 | Elf:1    | Entered Level 1 of the Elven Halls
 27227 | Elf:1    | Reached XP level 16. HP: 169/169 MP: 15/15
 27444 | Elf:1    | Found Fijanus's Assorted Antiques.
 27525 | Elf:1    | Noticed RoseArtemis's ghost (adept MiFi)
 27534 | Elf:1    | HP: 7/170 [halberd of venom (10)]
 27534 | Elf:1    | Slain by a halberd of venom

Vault maps used:
D:1:      elethiomel_arrival_shortcut, minmay_octomino_e4
D:2:      minmay_roachtagon
D:3:      eat_drink_and_be_merry_uskayaw, tso_altar, uniq_sigmund, uniq_robin
D:5:      minmay_temple_entry_glassed_door, first_ration, serial_shops, shop
D:6:      portal_sewer_entry_b, kennysheep_generic_room_2
D:7:      basic_altar, grunt_livestock, uniq_joseph
D:8:      enter_bailey_2, uniq_grum
D:9:      lightli_wizard_tower
D:10:     david_lair_shrubbed, uniq_erolcha, uniq_erica
D:11:     portal_ice_cave_demonic_guard
D:12:     lemuel_ice_spiral_2, serial_glass, glass_columns_a, glass_columns_a,
          item_on_display_a, item_on_display_a, ice2_lemuel, uniq_kirke
D:13:     serial_undead, serial_undead_c, serial_undead_b, serial_undead_a,
          serial_undead_e
D:14:     erik_vaults_1, minmay_misc_feat_roman, minivault_4
D:15:     grunt_enter_depths_giant_problem, serial_glass, glass_columns_a,
          glass_columns_c, glass_columns_c, glass_columns_c, uniq_sonja
Temple:   regret_index_temple_sigil_plot
Lair:1:   lemuel_ratsnest, lab_entry_generic, grunt_megastairs_3,
          serial_bayou_shore_a, uniq_nergalle
Lair:2:   shoals_dummy_entry, spider_nest_entry_web_field
Lair:3:   hangedman_what_comes_after_a, grunt_megastairs_5, lemuel_fruit_fields
Lair:4:   minivault_19, grunt_forest_small_clearing_treed, grunt_megastairs_4
Lair:6:   wormcave, hangedman_lair_tendril_chambers,
          nicolae_slime_entry_slimehenge
Orc:1:    lemuel_statue_altar
Orc:2:    st_orc_congregation
Elf:1:    eino_elf_arrival_sip, serial_shops, nicolae_shop_statue_plus,
          minivault_28, uniq_asterion
Lab:      nicolae_lab_stuck
Sewer:    sewer_co_cracked_pipes
Bailey:   bailey_axe_4, bailey
IceCv:    ice_cave_small_dragons

Skill      XL: |  1  2  3  4  5  6  7  8  9 10 11 12 13 14 15 16 |
---------------+-------------------------------------------------+-----
Dodging        | 3 4 5 6 7 8 9 11 12 13 | 13.2
Fighting       | 3 4 6 7 8 9 11 12 13 | 13.2
Unarmed Combat | 4 5 6 7 8 10 11 12 13 14 15 | 15.4
Shields        | 1 4 6 8 |  8.3
Armour         | 3 5 6 |  6.1
Stealth        | |  1.3

Action                   |  1- 3 |  4- 6 |  7- 9 | 10-12 | 13-15 | 16-18 || total
-------------------------+-------+-------+-------+-------+-------+-------++-------
Melee: Unarmed           |   121 |   135 |   297 |   663 |  1246 |    76 ||  2538
       Punch             |     2 |     4 |     6 |    37 |       |       ||    49
       Kick              |       |       |       |       |   442 |    24 ||   466
Invok: Heroism           |       |       |     1 |    13 |    17 |     1 ||    32
       Finesse           |       |       |       |     1 |     1 |       ||     2
 Abil: Evoke Flight      |       |       |       |       |     1 |       ||     1
Evoke: Wand              |       |       |       |       |    16 |       ||    16
  Use: Scroll            |       |       |     1 |    17 |    10 |       ||    28
       Potion            |       |       |       |     2 |       |     1 ||     3
 Stab: Sleeping          |     6 |     1 |     3 |     1 |     4 |       ||    15
       Distracted        |       |       |     1 |     1 |     1 |       ||     3
  Eat: Chunk             |    15 |    16 |    45 |    62 |   115 |     3 ||   256
       Ration            |       |       |       |       |     5 |       ||     5
Armor: Robe              |    65 |    43 |    80 |   149 |    52 |       ||   389
       Fire dragon scale |       |       |       |       |   281 |    18 ||   299
Dodge: Dodged            |    73 |    71 |   152 |   393 |   559 |    15 ||  1263
Block: Shield            |       |       |       |    22 |   731 |    42 ||   795
       Reflection        |       |       |       |       |     2 |     1 ||     3

Table legend:
 A = Spawn XP
 B = Non-spawn XP
 C = Spawn XP percentage of total XP
 D = Spawn monster count
 E = Non-spawn monster count
 F = Spawn count percentage of total count
 G = Total turns spent on level
                    A         B        C        D         E        F      G
               +---------+---------+-------+---------+---------+-------+---------
         Total |       0 |  167173 |   0.0 |       0 |     967 |   0.0 | 27534
               +---------+---------+-------+---------+---------+-------+---------
           D:1 |       0 |      39 |   0.0 |       0 |      20 |   0.0 |   693
           D:2 |       0 |      75 |   0.0 |       0 |      28 |   0.0 |   727
           D:3 |       0 |     359 |   0.0 |       0 |      39 |   0.0 |   808
           D:4 |       0 |     243 |   0.0 |       0 |       9 |   0.0 |   768
           D:5 |       0 |     827 |   0.0 |       0 |      11 |   0.0 |   855
           D:6 |       0 |     885 |   0.0 |       0 |      24 |   0.0 |  1215
           D:7 |       0 |    3085 |   0.0 |       0 |      49 |   0.0 |  1279
           D:8 |       0 |    2211 |   0.0 |       0 |      23 |   0.0 |   920
           D:9 |       0 |    3872 |   0.0 |       0 |      29 |   0.0 |  1042
          D:10 |       0 |    5866 |   0.0 |       0 |      57 |   0.0 |  1551
          D:11 |       0 |    6300 |   0.0 |       0 |      42 |   0.0 |   927
          D:12 |       0 |    7302 |   0.0 |       0 |      34 |   0.0 |   903
          D:13 |       0 |    9864 |   0.0 |       0 |      48 |   0.0 |  1146
          D:14 |       0 |    8514 |   0.0 |       0 |      31 |   0.0 |   784
          D:15 |       0 |   17202 |   0.0 |       0 |      33 |   0.0 |   804
        Lair:1 |       0 |    5717 |   0.0 |       0 |      61 |   0.0 |  1240
        Lair:2 |       0 |    2721 |   0.0 |       0 |       9 |   0.0 |   814
        Lair:3 |       0 |   13929 |   0.0 |       0 |      69 |   0.0 |  1106
        Lair:4 |       0 |    6509 |   0.0 |       0 |      36 |   0.0 |  1205
        Lair:5 |       0 |    3830 |   0.0 |       0 |      15 |   0.0 |   570
        Lair:6 |       0 |   30514 |   0.0 |       0 |     106 |   0.0 |  1608
         Orc:1 |       0 |    1795 |   0.0 |       0 |      27 |   0.0 |   834
         Orc:2 |       0 |   11809 |   0.0 |       0 |      72 |   0.0 |  1998
         Elf:1 |       0 |   15292 |   0.0 |       0 |      29 |   0.0 |   387
           Lab |       0 |    1254 |   0.0 |       0 |       1 |   0.0 |  2063
         Sewer |       0 |      34 |   0.0 |       0 |      21 |   0.0 |   326
        Bailey |       0 |    1679 |   0.0 |       0 |      24 |   0.0 |   459
         IceCv |       0 |    5446 |   0.0 |       0 |      20 |   0.0 |   490
               +---------+---------+-------+---------+---------+-------+---------
